 Dungeon Crawl Stone Soup version 0.31-a0-1321-g5021b54cb2 (webtiles) character file.

Game seed: 5917586447869535881

833 IdlyInterested the Sneak (level 7, 0/52 HPs)
             Began as a Demonspawn Brigand on Dec 20, 2023.
             Slain by a wyvern (13 damage)
             ... on level 6 of the Dungeon.
             The game lasted 00:13:46 (4935 turns).

IdlyInterested the Sneak (Demonspawn Brigand)       Turns: 4935, Time: 00:13:47

Health: 0/52       AC: 12    Str: 14    XL:     7   Next: 66%
Magic:  16/16      EV: 11    Int: 11    God:
Gold:   255        SH:  0    Dex: 14    Spells: 6/6 levels left

rFire   . . .        a - +2 dagger
rCold   + . .        (no shield)
rNeg    . . .        t - +4 ring mail of Ashenzari's Wrath {MP+9 Stlth+}
rPois   .            (helmet restricted)
rElec   .            c - +0 cloak
rCorr   .            (no gloves)
SInv    .            (no boots)
Will    +....        (no amulet)
Stlth   +++          y - ring of protection from cold
HPRegen 0.28/turn    A - ring of willpower
MPRegen 0.15/turn

%: no passive effects
@: mighty
A: antennae 1, slimy green scales 1, powered by pain 1
a: no special abilities


You were on level 6 of the Dungeon.
You visited 2 branches of the dungeon, and saw 7 of its levels.

You collected 255 gold pieces.

Inventory:

Hand Weapons
 a - a +2 dagger (weapon)
Missiles
 b - 3 boomerangs
 d - 28 poisoned darts (quivered)
 e - 3 curare-tipped darts
 f - 66 stones
 i - 2 throwing nets
Armour
 c - a +0 cloak (worn)
 n - a +2 ring mail of cold resistance
 o - a scarf of invisibility
 s - a +0 plate armour
 t - the +4 ring mail of Ashenzari's Wrath (worn) {MP+9 Stlth+}
   (You found it on level 2 of the Dungeon)

   MP+9:      It affects your magic capacity (+9).
   Stlth+:    It makes you more stealthy.
 D - a +0 scale mail of fire resistance
Jewellery
 j - a ring of wizardry
 y - a ring of protection from cold (left hand)
 z - a ring of see invisible
 A - a ring of willpower (right hand)
Scrolls
 g - a scroll of identify {unknown}
 h - a scroll of fog {unknown}
 k - a scroll of immolation
 p - 2 scrolls of amnesia
 r - a scroll of teleportation {unknown}
 w - a scroll of poison
 B - a scroll of noise {unknown}
 C - a scroll of enchant armour {unknown}
Potions
 l - a potion of curing
 m - a potion of resistance {unknown}
 u - a potion of haste {unknown}
 v - a potion of heal wounds {unknown}
 x - a potion of cancellation {unknown}


   Skills:
 - Level 3.0 Fighting
 * Level 4.4 Short Blades
 - Level 3.0 Throwing
 - Level 3.0 Armour
 - Level 3.0 Dodging
 + Level 4.4 Stealth
 - Level 3.0 Evocations


You had 6 spell levels left.
You didn't know any spells.
Your spell library contained the following spells:

 Spells                   Type           Power      Damage    Failure   Level
 Frozen Ramparts          Ice            0%         1d1       91%         3
 Leda's Liquefaction      Alch/Erth      0%         N/A       100%        4
 Petrify                  Alch/Erth      0%         N/A       100%        4
 Metabolic Englaciation   Hex/Ice        0%         N/A       100%        5


Dungeon Overview and Level Annotations

Branches:
Dungeon (6/15)             Temple (1/1) D:4

Altars:
Ashenzari
Dithmenos
Fedhas
Gozag
Hepliaklqana
Kikubaaqudgha
Nemelex Xobeh
Okawaru
Qazlal
Ru
Sif Muna
Uskayaw
Vehumet
Wu Jian
Xom
Yredelemnul


Innate Abilities, Weirdness & Mutations

You have a pair of small antennae on your head.
You are partially covered in slimy green scales. (AC +2)
You sometimes gain a little power by taking damage.


Message History

You hit the phantom but do no damage.
The phantom is moderately damaged.
You hit the phantom but do no damage.
The phantom is moderately damaged.
The phantom hits you.
You hit the phantom.
The phantom is moderately damaged.
The phantom closely misses you.
You hit the phantom. Your punch misses the phantom.
The phantom is heavily damaged.
The phantom hits you but does no damage.
You hit the phantom.
The phantom is heavily damaged.
The phantom closely misses you.
You hit the phantom.
The phantom is severely damaged.
You hit the phantom.
The phantom is almost destroyed.
The phantom hits you but does no damage.
You hit the phantom.
You destroy the phantom!
Your life force feels restored.
You completely miss the wyvern.
The wyvern bites you but does no damage.
You hit the wyvern.
The wyvern is lightly wounded.
The wyvern closely misses you. The wyvern bites you!
You feel very mighty all of a sudden. The wyvern barely misses you.
You hit the wyvern.
The wyvern is lightly wounded.
The wyvern barely misses you.
You closely miss the wyvern.
The wyvern is lightly wounded.
The wyvern bites you!
* * * LOW HITPOINT WARNING * * *
You barely miss the wyvern.
The wyvern is lightly wounded.
The wyvern bites you!
You die...

# .. . #.###
...
#....#####.....
#..@kJ....#
#.###.###.# #
.... ..>..#
........
.#.....#..
..#.....#... ..
###.### ..


You could see a wyvern and a jelly.

Vanquished Creatures
  Sigmund (D:5)
  3 phantoms
  Blork the orc (D:6)
  A hound (D:5)
  2 iguanas
  Natasha (thrice) (D:2)
  Robin (D:2)
  7 adders
  4 gnolls (D:4)
  A worm (D:3)
  11 orcs
  6 ball pythons
  7 bats
  5 endoplasms
  A giant cockroach (D:3)
  10 hobgoblins
  3 jackals (D:4)
  5 quokkas
  15 goblins
  11 kobolds
  25 rats
123 creatures vanquished.

Notes
Turn   | Place    | Note
-------+----------+-------------------------------------------
     0 | D:1      | IdlyInterested the Demonspawn Brigand began the quest for
                  | the Orb.
     0 | D:1      | Reached XP level 1. HP: 16/16 MP: 1/1
   359 | D:1      | Gained mutation: You sometimes gain a little power by
                  | taking damage. [demonic ancestry]
   359 | D:1      | Reached XP level 2. HP: 21/23 MP: 2/2
  1281 | D:2      | Gained mutation: You have a pair of small antennae on your
                  | head. [demonic ancestry]
  1281 | D:2      | Reached XP level 3. HP: 29/29 MP: 3/3
  1310 | D:2      | Identified the +4 ring mail of Ashenzari's Wrath {MP+9
                  | Stlth+}
  1449 | D:2      | Noticed Natasha
  1464 | D:2      | Killed Natasha
  1465 | D:2      | Reached skill level 1 in Dodging
  1588 | D:2      | Noticed Natasha
  1602 | D:2      | Killed Natasha
  1603 | D:2      | Gained mutation: You are partially covered in slimy green
                  | scales. (AC +2) [demonic ancestry]
  1603 | D:2      | Reached XP level 4. HP: 27/35 MP: 4/4
  1625 | D:2      | Noticed Natasha
  1634 | D:2      | Killed Natasha
  1685 | D:2      | Noticed Robin
  1768 | D:2      | Killed Robin
  1769 | D:2      | Reached XP level 5. HP: 41/41 MP: 5/5
  1782 | D:2      | Reached skill level 1 in Armour
  2224 | D:3      | Found an opulent altar of Gozag.
  2828 | D:4      | Noticed a phantom
  2846 | D:4      | Killed a phantom
  2847 | D:4      | Reached skill level 1 in Evocations
  2847 | D:4      | Reached XP level 6. HP: 44/47 MP: 6/6
  3314 | D:4      | Found a staircase to the Ecumenical Temple.
  3326 | Temple   | Entered the Ecumenical Temple
  3681 | D:5      | Entered Level 5 of the Dungeon
  3756 | D:5      | Noticed Sigmund
  3779 | D:5      | Killed Sigmund
  3780 | D:5      | Reached XP level 7. HP: 22/52 MP: 7/7
  4350 | D:5      | Identified the +1 helmet "Xeepokkulu" {+Blink rF- rN+++
                  | Dex-4}
  4792 | D:5      | Found an ornate altar of the Wu Jian Council.
  4902 | D:6      | Noticed Blork the orc
  4903 | D:6      | Noticed a wyvern
  4913 | D:6      | Killed Blork the orc
  4935 | D:6      | Slain by a wyvern

Illustrated notes

Levels and vault maps discovered:
D:1:      kilobyte_arrival_exit_the_forest, layout_loops_ring,
          hangedman_decor_diamond_cutter
D:2:      layout_rooms, minmay_rat_hole, uniq_natasha, uniq_robin
D:3:      layout_rooms, lemuel_doored_altar
D:4:      layout_loops_ring, minmay_temple_entry_glassed_door
D:5:      layout_loops_corners, lemuel_crystal_altar,
          nicolae_overflow_crystal_walls, zin_academy, minmay_misc_feat_doors,
          minmay_holes, uniq_sigmund
D:6:      layout_layer_cave, st_stairs_3, nicolae_figureground_pulse,
          uniq_blork_the_orc, uniq_prince_ribbit1
Temple:   minmay_temple_curvy_branch

Skill      XL: |  1  2  3  4  5  6  7 |
---------------+----------------------+-----
Fighting       | 3 |  3.0
Short Blades   | 2 3 4 |  4.4
Dodging        | 2 3 |  3.0
Armour         | 3 |  3.0
Evocations     | 1 3 |  3.0
Throwing       | 3 |  3.0
Stealth        | 4 |  4.4

Action                     |  1- 3 |  4- 6 |  7- 9 || total
---------------------------+-------+-------+-------++-------
  Melee: Dagger            |   131 |   341 |    55 ||   527
         Punch             |     1 |     1 |     1 ||     3
  Throw: Dart              |     5 |    37 |       ||    42
         Stone             |       |     3 |       ||     3
         Throwing net      |       |     1 |     1 ||     2
    Use: Scroll            |       |     3 |       ||     3
         Potion            |       |     2 |     1 ||     3
   Stab: Sleeping          |     3 |     7 |     2 ||    12
         Held in net/web   |       |     1 |       ||     1
 Armour: Robe              |    25 |       |       ||    25
         Ring mail         |    58 |   186 |    31 ||   275
         Leather armour    |    11 |       |       ||    11
  Dodge: Dodged            |    79 |   130 |    16 ||   225

Table legend: (Time is in decaauts)
 A = Elapsed time spent in this place.
 B = Non-inter-level travel time spent in this place.
 C = Inter-level travel time spent in this place.
 D = Time resting spent in this place.
 E = Time spent auto-exploring this place.
 F = Levels seen in this place.
 G = Mean time per level.
                   A        B        C        D        E       F      G
               +--------+--------+--------+--------+--------+-----+--------+
         Total |   4873 |   4706 |    167 |    873 |   2642 |   7 |  696.1 |
       Dungeon |   4871 |   4704 |    167 |    873 |   2642 |   6 |  811.8 |
        Temple |      1 |      1 |      0 |      0 |      0 |   1 |    1.0 |
               +--------+--------+--------+--------+--------+-----+--------+

Top non-repeatable levels by time:
     D:1: 1268 daAuts
     D:5: 1178 daAuts
     D:4: 1102 daAuts
     D:2: 825 daAuts
     D:3: 469 daAuts
     D:6: 27 daAuts
  Temple: 1 daAuts
